 Dungeon Crawl Stone Soup version 0.27-a0-1196-g3e9cee4cb2 (webtiles) character file.

Game seed: 14174785828009214210

14 freelancePsychic the Grave Robber (level 2, -2/23 HPs)
             Began as a Ghoul Necromancer on May 28, 2021.
             Killed from afar by a dart slug (6 damage)
             ... with a slug dart
             ... on level 1 of the Dungeon.
             The game lasted 00:00:36 (406 turns).

freelancePsychic the Grave Robber (GhNe)             Turns: 406, Time: 00:00:37

Health: -2/23      AC:  2    Str: 11    XL:     2   Next: 41%
Magic:  3/3        EV: 12    Int: 10    God:
Gold:   4          SH:  0    Dex:  9    Spells: 3/4 levels left

rFire    . . .     SeeInvis .   (no weapon)
rCold    + . .     Faith    .   (no shield)
rNeg     + + +     Spirit   .   a - +0 robe
rPois    ∞         Reflect  .   (no helmet)
rElec    .         Harm     .   (no cloak)
rCorr    .         Rampage  .   (no gloves)
Will     .....                  (no boots)
Stlth    ++........             (no amulet)
HPRegen  0.00/turn              (no ring)
MPRegen  0.08/turn              (no ring)

@: no status effects
A: claws 1, cold resistance 1, negative energy resistance 3, inhibited
regeneration, torment resistance 2
a: no special abilities


You were on level 1 of the Dungeon.
You visited 1 branch of the dungeon, and saw 1 of its levels.

You collected 4 gold pieces.

Inventory:

Armour
 a - a +0 robe (worn)
Scrolls
 c - a scroll of blinking {unknown}
Potions
 b - a potion of haste {unknown}


   Skills:
 + Level 1.4 Fighting
 - Level 1.7 Dodging
 - Level 2.1 Stealth
 - Level 1.7 Spellcasting
 + Level 4.3 Necromancy


You had 3 spell levels left.
You knew the following spells:

 Your Spells              Type           Power      Damage    Failure   Level
a - Pain                  Necr           36%        1d5       5%          1

Your spell library contained the following spells:

 Spells                   Type           Power      Damage    Failure   Level
 Animate Skeleton         Necr           18%        N/A       5%          1
 Vampiric Draining        Necr           4%         2d6       16%         3
 Animate Dead             Necr           4%         N/A       47%         4
 Agony                    Necr           9%         N/A       83%         5


Dungeon Overview and Level Annotations

Branches:
Dungeon (1/15)

Altars:


Innate Abilities, Weirdness & Mutations

You thrive by killing the living.
You are immune to poison.
You have sharp fingernails.
Your flesh is cold resistant. (rC+)
You are immune to negative energy. (rN+++)
You do not regenerate when monsters are visible.
You are immune to unholy pain and torment.


Message History

The hobgoblin shouts!
The kobold throws a stone.
The stone hits you.
You see here a scroll labelled OCZUCZ UFIFF.
You scratch the ball python.
You kill the ball python!
You feel better.
You scratch the kobold.
The kobold is severely wounded.
The kobold hits you with a +0 dagger.
You closely miss the kobold.
The kobold is severely wounded.
The kobold hits you with a +0 dagger.
You scratch the kobold.
You kill the kobold!
You feel better. The dart slug launches a dart at you. The slug dart hits you.
Items here: ( ) ††.
You scratch the dart slug but do no damage.
The dart slug launches a dart at you. The slug dart hits you.
You scratch the dart slug.
The dart slug is lightly wounded.
The hobgoblin closely misses you. The dart slug launches a dart at you.
The slug dart misses you.
You scratch the dart slug.
The dart slug is lightly wounded.
The hobgoblin barely misses you.
You scratch the dart slug but do no damage.
The dart slug is lightly wounded.
The dart slug launches a dart at you. The slug dart hits you.
The hobgoblin hits you.
* * * LOW HITPOINT WARNING * * *
You scratch the dart slug.
The dart slug is moderately wounded.
The hobgoblin closely misses you. The dart slug launches a dart at you.
The slug dart hits you.
You die...

.# #. .. .. ... #.# .#
#.# #.# ?.... #.# .#.#
#.# ... .. ..#
#g##.#.#.#. ##.###.#
##.#@w...... ##...##.#
#..g#.#.#.#.
.##.....#.# #..#..(....
..........###..##.#.#.#
#.....#.##..........
.###...##.##...########
..............##
..........###.#
###...###.###.#


You could see a dart slug and a hobgoblin.

Vanquished Creatures
  A dart slug (D:1)
  A ball python (D:1)
  A kobold (D:1)
  2 quokkas (D:1)
  8 frilled lizards (D:1)
13 creatures vanquished.

Notes
Turn   | Place    | Note
-------+----------+-------------------------------------------
     0 | D:1      | freelancePsychic the Ghoul Necromancer began the quest for
                  | the Orb.
     0 | D:1      | Reached XP level 1. HP: 14/14 MP: 2/2
   238 | D:1      | Reached skill level 1 in Fighting
   239 | D:1      | Reached XP level 2. HP: 23/23 MP: 3/3
   406 | D:1      | Killed from afar by a dart slug

Illustrated notes

Levels and vault maps discovered:
D:1:      kennysheep_arrival_seaside, layout_loops_ring,
          hellmonk_ecumenical_altar_blasted, st_stairs_10, minmay_lizard_pond

Skill      XL: |  1 |
---------------+----+-----
Fighting       | 1 |  1.4
Dodging        | |  1.7
Stealth        | |  2.1
Spellcasting   | |  1.7
Necromancy     | |  4.3

Action                   || total
-------------------------++-------
Melee: Unarmed           ||    54
Armor: Robe              ||     3
Dodge: Dodged            ||    31

Table legend: (Time is in decaauts)
 A = Elapsed time spent in this place.
 B = Non-inter-level travel time spent in this place.
 C = Inter-level travel time spent in this place.
 D = Time resting spent in this place.
 E = Time spent auto-exploring this place.
 F = Levels seen in this place.
 G = Mean time per level.
                   A        B        C        D        E       F      G
               +--------+--------+--------+--------+--------+-----+--------+
         Total |    406 |    406 |      0 |      0 |    321 |   1 |  406.0 |
       Dungeon |    406 |    406 |      0 |      0 |    321 |   1 |  406.0 |
               +--------+--------+--------+--------+--------+-----+--------+

Top non-repeatable levels by time:
     D:1: 406 daAuts
